 Dungeon Crawl Stone Soup version 0.29.1-2-gbd0b4ee654 (webtiles) character file.

Game seed: 10898124283073518793

257 safid the Shooter (level 5, -6/48 HPs)
             Began as a Minotaur Hunter on Nov 1, 2022.
             Mangled by a gnoll sergeant
             ... wielding a +0 spear
              (7 damage)
             ... on level 5 of the Dungeon.
             The game lasted 00:04:42 (3009 turns).

safid the Shooter (Minotaur Hunter)                 Turns: 3009, Time: 00:04:44

Health: -6/48      AC:  5    Str: 15    XL:     5   Next: 93%
Magic:  4/4        EV: 12    Int:  6    God:
Gold:   181        SH:  0    Dex: 16    Spells: 4/4 levels left

rFire   + . .      SeeInvis .   a - +0 shortbow
rCold   . . .      Faith    .   (shield currently unavailable)
rNeg    . . .      Spirit   .   c - +0 leather armour
rPois   .          Reflect  .   (helmet restricted)
rElec   .          Harm     .   d - +1 cloak
rCorr   .          Rampage  .   (no gloves)
Will    .....                   (no boots)
Stlth   +.........              (no amulet)
HPRegen 0.16/turn               q - ring of protection from fire
MPRegen 0.09/turn               (no ring)

@: no status effects
A: horns 2, retaliatory headbutt
a: no special abilities


You were on level 5 of the Dungeon.
You visited 1 branch of the dungeon, and saw 5 of its levels.

You collected 181 gold pieces.

Inventory:

Hand Weapons
 a - a +0 shortbow (weapon)
Armour
 c - a +0 leather armour (worn)
 d - a +1 cloak (worn)
Jewellery
 q - a ring of protection from fire (left hand)
Wands
 m - a wand of flame (26)
Scrolls
 b - 2 scrolls of immolation
 e - 2 scrolls of identify {unknown}
 f - 8 scrolls of teleportation {unknown}
 i - a scroll of acquirement {unknown}
 n - a scroll of poison {unknown}
 t - a scroll of fear {unknown}
 v - a scroll of magic mapping {unknown}
 w - a scroll of amnesia {unknown}
Potions
 g - 2 potions of heal wounds {unknown}
 j - 2 potions of lignification {unknown}
 l - 2 potions of curing {unknown}
 o - a potion of degeneration {unknown}
 p - 2 potions of haste {unknown}
 r - a potion of might
 s - a potion of attraction {unknown}
 u - a potion of resistance {unknown}


   Skills:
 + Level 5.5 Fighting
 + Level 6.4 Ranged Weapons
 - Level 2.1 Dodging
 - Level 0.7 Stealth


You had 4 spell levels left.
You didn't know any spells.
Your spell library contained the following spells:

 Spells                   Type           Power      Damage    Failure   Level
 Sting                    Tmut/Pois      0%         1d3       52%         1
 Poisonous Vapours        Pois/Air       0%         N/A       67%         2
 Olgreb's Toxic Radiance  Pois           0%         N/A       99%         4


Dungeon Overview and Level Annotations

Branches:
Dungeon (5/15)
 Temple: D:4-7

Altars:
Cheibriados
Nemelex Xobeh
The Shining One

Shops:
D:1 [

Annotations:
D:2 1 runed translucent door, Crazy Yiuf


Innate Abilities, Weirdness & Mutations

You have a pair of horns on your head.
You reflexively headbutt those who attack you in melee.


Message History

A gnoll comes into view. It is wielding a +0 flail.
The gnoll sergeant completely misses you.
The gnoll closely misses you.
Fire: a) +0 shortbow
Press: ? - help, Q - select action, (/) - cycle Shift-Dir - straight line, f/p - gnoll sergeant
Aim: a gnoll sergeant, wielding a +0 spear and wearing a +0 ring mail (moderately wounded, 72% to hit)
You shoot an arrow.
The arrow hits the gnoll sergeant but does no damage.
The gnoll sergeant is moderately wounded.
The gnoll barely misses you. The gnoll sergeant closely misses you.
Fire: a) +0 shortbow
Press: ? - help, Q - select action, (/) - cycle Shift-Dir - straight line, f/p - gnoll sergeant
Aim: a gnoll sergeant, wielding a +0 spear and wearing a +0 ring mail (moderately wounded, 72% to hit)
You shoot an arrow.
The arrow hits the gnoll sergeant but does no damage.
The gnoll sergeant is moderately wounded.
The gnoll hits you with a +0 spear. The gnoll sergeant misses you.
Fire: a) +0 shortbow
Press: ? - help, Q - select action, (/) - cycle Shift-Dir - straight line, f/p - gnoll sergeant
Aim: a gnoll sergeant, wielding a +0 spear and wearing a +0 ring mail (moderately wounded, 72% to hit)
You shoot an arrow. The arrow hits the gnoll sergeant.
The gnoll sergeant is heavily wounded.
The gnoll hits you with a +0 spear. The gnoll sergeant misses you.
The gnoll barely misses you.
The gnoll sergeant hits you from afar with a +0 spear!
* * * LOW HITPOINT WARNING * * *
Okay, then.
As you read the scroll labelled TAUCSA UH HEA, it crumbles to dust.
It is a scroll of enchant armour.
Your +0 cloak glows green for a moment.
The gnoll hits you with a +0 spear.
* * * LOW HITPOINT WARNING * * *
The gnoll sergeant closely misses you.
As you read the scroll labelled IRUZIY VUKH, it crumbles to dust.
You hear a loud clanging noise!
It was a scroll of noise.
You hear a shout! x4; You hear an angry hiss.
You hear a shout! x2
The gnoll hits you with a +0 spear.
* * * LOW HITPOINT WARNING * * *
The gnoll sergeant hits you from afar with a +0 spear!
You die... .>## .... #.. #gg

#g#
#g#
#g#
#.#
#@#
#g#
...
##.##
?..
###


You could see a gnoll sergeant and 5 gnolls.

Vanquished Creatures
  A scorpion (D:3)
  An orc priest (D:4)
  Ijyb (D:3)
  3 gnolls (D:3)
  2 adders
  A worm (D:4)
  2 dart slugs
  9 orcs
  4 bats
  3 endoplasms
  5 giant cockroaches
  5 goblins
  10 hobgoblins
  7 jackals
  7 kobolds
  4 quokkas
  4 ball pythons
  2 frilled lizards (D:1)
  9 rats
  A spectral kobold (D:1)
81 creatures vanquished.

Vanquished Creatures (others)
  2 plants (D:4)
2 creatures vanquished.

Grand Total: 83 creatures vanquished

Notes
Turn   | Place    | Note
-------+----------+-------------------------------------------
     0 | D:1      | safid the Minotaur Hunter began the quest for the Orb.
     0 | D:1      | Reached XP level 1. HP: 18/18 MP: 0/0
   144 | D:1      | Reached XP level 2. HP: 26/26 MP: 1/1
   228 | D:1      | Found a faded altar of an unknown god.
   476 | D:1      | Reached skill level 5 in Ranged Weapons
   476 | D:1      | Reached XP level 3. HP: 24/31 MP: 2/2
   570 | D:1      | Found Vevaibla's Armour Shoppe.
  1314 | D:2      | Found a runed translucent door.
  1315 | D:2      | Noticed Crazy Yiuf
  1551 | D:3      | Reached XP level 4. HP: 40/40 MP: 3/3
  1554 | D:3      | Found a glowing golden altar of the Shining One.
  1557 | D:3      | Found a sparkling altar of Nemelex Xobeh.
  1562 | D:3      | Found a snail-covered altar of Cheibriados.
  2119 | D:3      | Noticed a scorpion
  2125 | D:3      | Killed a scorpion
  2126 | D:3      | Reached skill level 5 in Fighting
  2126 | D:3      | Reached skill level 6 in Ranged Weapons
  2126 | D:3      | Reached XP level 5. HP: 34/48 MP: 4/4
  2381 | D:3      | Noticed Ijyb
  2400 | D:3      | Killed Ijyb
  2782 | D:4      | Identified the +0 kite shield "Xibroneota" {rCorr Str-2
                  | Dex+7}
  2845 | D:4      | HP: 1/48 [gnoll/+0 whip (4)]
  2852 | D:5      | Entered Level 5 of the Dungeon
  3008 | D:5      | HP: 2/48 [gnoll/+0 spear[a gnoll sergeant] (3)]
  3009 | D:5      | Mangled by a gnoll sergeant

Illustrated notes

Levels and vault maps discovered:
D:1:      giann_forest_graveyard, layout_rooms,
          dreamdust_ecumenical_altar_drowned_temple, serial_shops, shop,
          minmay_3d_cube
D:2:      layout_loops_ring, uniq_crazy_yiuf_cottage
D:3:      layout_basic, grunt_temple_overflow_diamond, minmay_cupped, uniq_ijyb
D:4:      layout_rooms, minmay_temple_entry_gardened_gates
D:5:      layout_basic, mainiacjoe_overflow_six_doors_small

Skill      XL: |  1  2  3  4 |
---------------+-------------+-----
Fighting       | 3 4 5 |  5.5
Ranged Weapons | 5 6 |  6.4
Dodging        | |  2.1
Stealth        | |  0.7

Action                   |  1- 3 |  4- 6 || total
-------------------------+-------+-------++-------
 Fire: Shortbow          |   128 |   123 ||   251
  Use: Scroll            |       |     2 ||     2
Armor: Leather armour    |    15 |    15 ||    30
Dodge: Dodged            |    37 |    62 ||    99
